 Dungeon Crawl Stone Soup version 0.29.0-7-g18a832c13a (webtiles) character file.

Game seed: 15188550489700370430

26 sanka the Ruffian (level 2, 29/29 HPs)
             Began as a Troll Monk on Aug 30, 2022.
             Quit the game on level 1 of the Dungeon.
             The game lasted 00:00:34 (527 turns).

sanka the Ruffian (Troll Monk)                       Turns: 527, Time: 00:00:35

Health: 29/29      AC:  4    Str: 18    XL:     2   Next: 89%
Magic:  1/1        EV: 10    Int:  6    God:
Gold:   30         SH:  0    Dex: 12    Spells: 1/1 levels left

rFire   . . .      SeeInvis .     - Unarmed
rCold   . . .      Faith    .   (no shield)
rNeg    . . .      Spirit   .   a - +0 robe
rPois   .          Reflect  .   (helmet restricted)
rElec   .          Harm     .   (no cloak)
rCorr   .          Rampage  .   (gloves unavailable)
Will    .....                   (boots unavailable)
Stlth   ++........              (no amulet)
HPRegen 0.89/turn               (no ring)
MPRegen 0.07/turn               (no ring)

@: no status effects
A: large, unfitting armour, claws 3, regeneration 1, shaggy fur 1, tough skin 1
a: no special abilities


You were on level 1 of the Dungeon.
You visited 1 branch of the dungeon, and saw 1 of its levels.

You collected 30 gold pieces.


Innate Abilities, Weirdness & Mutations

You are too large for most types of armour.
You have claws for hands.
Your natural rate of healing is unusually fast.
You are covered in fur. (AC +1)
You have tough skin. (AC +1)


   Skills:
 - Level 2.4 Fighting
 - Level 2.4 Dodging
 - Level 1.0 Stealth
 + Level 4.1 Unarmed Combat


You had one spell level left.
You didn't know any spells.
Your spell library contained the following spells:

 Spells                   Type           Power      Damage    Failure   Level
 Sandblast                Erth           0%         2d4       45%         1
 Passwall                 Tmut/Erth      0%         N/A       58%         2
 Stone Arrow              Conj/Erth      0%         3d7       83%         3

Inventory:

Armour
 a - a +0 robe (worn)
Scrolls
 c - 2 scrolls of identify {unknown}
 d - a scroll of enchant weapon {unknown}
 g - 2 scrolls of noise {unknown}
 i - a scroll of brand weapon {unknown}
 j - a scroll of poison {unknown}
Potions
 b - a potion of ambrosia
 e - a potion of flight {unknown}
 f - 2 potions of degeneration {unknown}
 h - a potion of haste {unknown}

Dungeon Overview and Level Annotations

Branches:
Dungeon (1/15)

Altars:

▒.....▒▒▒...▒.▒ .▒
▒..▒.▒▒▒.▒▒▒..▒ ▒.▒
▒..▒.▒▒.▒▒▒▒▒.▒▒▒>▒
▒..▒.....⌠.∩†....▒.
▒..▒▒▒▒.▒...▒.▒▒▒.▒
▒........._...▒▒▒..
▒▒.▒▒▒▒............
▒.▒ ▒▒▒▒▒▒▒.▒▒▒▒▒
▒T▒ ▒.▒ ▒...?...?
..▒ ▒▒▒▒▒▒▒▒▒ ▒▒


There were no monsters in sight!


Message History

You scratch the bat.
The bat is severely wounded.
The bat hits you but does no damage.
You claw the bat!
You kill the bat!
You closely miss the giant cockroach.
The giant cockroach bites you but does no damage.
You scratch the giant cockroach but do no damage.
The giant cockroach closely misses you.
You closely miss the giant cockroach. The giant cockroach barely misses you.
You barely miss the giant cockroach. The giant cockroach closely misses you.
You scratch the giant cockroach but do no damage.
The giant cockroach bites you but does no damage.
You closely miss the giant cockroach. You claw the giant cockroach.
The giant cockroach is heavily wounded.
The giant cockroach misses you.
You scratch the giant cockroach but do no damage.
The giant cockroach is heavily wounded.
The giant cockroach bites you but does no damage.
You claw the giant cockroach!
You kill the giant cockroach!
No target in view!
No target in view!
Found a scroll labelled ALIEVA KUONNY.
j - a scroll labelled ALIEVA KUONNY
Found a scroll labelled NAORIU OQIE and a scroll labelled ERUNIN UHITU.
Are you sure you want to abandon this character and quit the game? (Confirm with "yes".)

Action                   || total
-------------------------++-------
Melee: Unarmed           ||    51
       Punch             ||     2
 Stab: Sleeping          ||     2
Armor: Robe              ||    15
Dodge: Dodged            ||    23

Levels and vault maps discovered:
D:1:      lordsloth_arrival_two_stooges, layout_loops_ring,
          ebering_ecumenical_altar_abandoned

Notes
Turn   | Place    | Note
-------+----------+-------------------------------------------
     0 | D:1      | sanka the Troll Monk began the quest for the Orb.
     0 | D:1      | Reached XP level 1. HP: 22/22 MP: 0/0
   166 | D:1      | Reached XP level 2. HP: 28/29 MP: 1/1
   370 | D:1      | Reached skill level 4 in Unarmed Combat
   457 | D:1      | Found a faded altar of an unknown god.
   527 | D:1      | Quit the game

Vanquished Creatures
  2 ball pythons (D:1)
  An endoplasm (D:1)
  A giant cockroach (D:1)
  2 goblins (D:1)
  3 hobgoblins (D:1)
  5 jackals (D:1)
  2 kobolds (D:1)
  4 bats (D:1)
  A frilled lizard (D:1)
  A rat (D:1)
22 creatures vanquished.
